 Dungeon Crawl Stone Soup version 0.16.2-2-g470672f (webtiles) character file.

1211 hannobal the Spear-Bearer (level 8, -2/58 HPs)
             Began as a Formicid Fighter on Sept 3, 2015.
             Was a Follower of Ru.
             Slain by a mummy (15 damage)
             ... on level 5 of the Dungeon.
             The game lasted 00:23:49 (5778 turns).

hannobal the Spear-Bearer (Formicid Fighter)        Turns: 5778, Time: 00:23:49

Health: -2/58      AC:  7    Str: 22    XL:     8   Next: 74%
Magic:  11/11      EV:  9    Int:  9    God:    Ru [*.....]
Gold:   156        SH:  9    Dex: 10    Spells: 0 memorised, 7 levels left

rFire  . . .     SeeInvis +     a - +0 glaive
rCold  + . .     Clarity  .     z - +0 ring mail {rC+}
rNeg   + . .     SustAb   .     c - +0 shield
rPois  .         Gourm    .     (helmet unavailable)
rElec  .         Spirit   .     (no cloak)
rCorr  .         Warding  +     (no gloves)
rMut   .         Stasis   +     E - +1 pair of boots
MR     .....                    g - amulet of warding
Stlth  ..........               (no ring)
                                u - ring of flight

@: not resistant to hostile enchantments, extremely unstealthy
A: permanent stasis, dig shafts and tunnels, four strong arms, antennae 3,
unskilled 1
a: Dig, Shaft Self, Renounce Religion, Evoke Flight


You were on level 5 of the Dungeon.
You worshipped Ru.
Ru was aware of your devotion.
You were not hungry.

You visited 2 branches of the dungeon, and saw 6 of its levels.
You also visited: Sewer and Ossuary.

You collected 221 gold pieces.
You spent 65 gold pieces at shops.

Inventory:

Hand weapons
 a - a +0 glaive (weapon)
 b - a +2 hunting sling of evasion
 o - a +1 dagger of protection
 r - a +3 dagger
 v - a +2 spear of flaming
 C - a +1 whip of freezing
 H - a +0 shortbow
Missiles
 j - 13 tomahawks (quivered)
 l - 6 curare-tipped needles
 m - 131 stones
 q - 48 poisoned needles
 s - 18 arrows of frost
 t - 33 arrows
 y - 5 tomahawks of returning
 G - 7 arrows of dispersal
 I - 26 sling bullets
Armour
 c - a +0 shield (worn)
 z - a +0 ring mail of cold resistance (worn)
 E - a +1 pair of boots (worn)
Jewellery
 g - an amulet of warding (around neck)
 n - an uncursed amulet of resist mutation
 u - a ring of flight (left hand)
 J - an uncursed ring of ice
Scrolls
 i - a scroll of identify
 w - 2 scrolls of remove curse
 F - 2 scrolls of amnesia
Potions
 e - a potion of might
 h - 4 potions of curing
 p - a potion of invisibility
 x - a potion of heal wounds
 A - 2 potions of restore abilities
 B - a potion of brilliance
Comestibles
 d - 2 bread rations {@e1}
 k - a slice of pizza


   Skills:
 - Level 3.0 Fighting
 + Level 11.0 Polearms
 - Level 3.0 Armour
 - Level 1.4 Dodging
 - Level 3.2 Shields


You had 7 spell levels left.
You didn't know any spells.

Dungeon Overview and Level Annotations

Branches:
Dungeon (5/15)             Temple (1/1) D:4

Altars:
Dithmenos
Elyvilon
Fedhas
Gozag
Kikubaaqudgha
Makhleb
Nemelex Xobeh
Ru
Sif Muna
Trog
Vehumet
Xom
Yredelemnul
The Shining One

Shops:
D:5 (


Innate Abilities, Weirdness & Mutations

You are under a permanent stasis effect.
You can dig through walls and to a lower floor.
Your four strong arms can wield two-handed weapons with a shield.
You have a pair of large antennae on your head (SInv).
You are somewhat unskilled (-1 Apt).


Message History

You redirect the centaur zombie's attack!
The centaur zombie hits the centaur zombie.
You block the centaur zombie's attack.
Welcome back to the Dungeon!
There is a collapsed entrance here.
Attack whom?
Press: ? - help, Dir - move target cursor, f - giant newt
Aim: a giant newt You barely miss the giant newt.
A poisoned needle hits the mummy, but does no damage!
The giant newt bites you but does no damage.
Attack whom?
Press: ? - help, Dir - move target cursor, f/p - giant newt
Aim: a giant newt Your shield and ring mail prevent you from hitting the giant newt.
You block the giant newt's attack. You block the mummy's attack.
An arrow shoots out and hits you!
* * * LOW HITPOINT WARNING * * *
The mummy hits you!
You die...

.##.##.# #......# .#..##.# ..#
##.....## .#.[##)# ....#
#.......# .##.##.# ..... #
#.##.#..# .##.##.#
...#..##.##.#..# .......#
#..##..#.#..#..# ###.####
..###...#.##..# #.# #.
##.#.##........# ##.## ..
#..#.@##.......# ##...##
#.#..'lM.##..########## #.#.#.##
#....#..##..[##.......#
.##.##.######.#.##.......#####.#
###......##...###....###.#####.#
.#####.#......##...#........##.#
#.###.#####...#..#.#..##.##.##.#
.....## #.#...##.............#
#.#.## ##.##...........##.##.##


You could see a mummy and a giant newt.

Vanquished Creatures
  Pikel (D:4)
  2 ogres (D:4)
  A centaur (D:5)
  A big kobold (Sewer)
  An iguana (D:4)
  A centaur skeleton (D:5)
  2 orc wizards (D:3)
  A worker ant (D:4)
  A worker ant zombie (D:5)
  9 adders
  A river rat (Sewer)
  3 gnolls (D:2)
  A shadow imp (D:5)
  4 worms
  8 orcs
  2 ball pythons (D:3)
  2 bat skeletons
  7 giant cockroaches
  16 goblins
  9 hobgoblins
  8 jackals
  10 kobolds
  A quokka (D:3)
  11 bats
  A giant newt (D:1)
  8 hobgoblin zombies (Ossuary)
  5 kobold zombies (Ossuary)
  7 orc zombies (Ossuary)
  12 rats
136 creatures vanquished.

Vanquished Creatures (others)
  A giant cockroach (D:4)
1 creature vanquished.

Grand Total: 137 creatures vanquished

Notes
Turn   | Place    | Note
--------------------------------------------------------------
     0 | D:1      | hannobal, the Formicid Fighter, began the quest for the Orb.
     0 | D:1      | Reached XP level 1. HP: 18/18 MP: 1/1
   244 | D:1      | Reached XP level 2. HP: 22/24 MP: 3/3
   534 | D:1      | Reached skill level 9 in Polearms
   534 | D:1      | Reached XP level 3. HP: 29/29 MP: 4/4
  1388 | D:2      | Reached XP level 4. HP: 19/35 MP: 5/5
  1910 | D:2      | Reached XP level 5. HP: 17/41 MP: 7/7
  2702 | D:3      | Reached skill level 10 in Polearms
  3102 | D:3      | Found a glowing drain.
  3145 | D:3      | Reached XP level 6. HP: 28/47 MP: 8/8
  3155 | Sewer    | Entered a sewer
  3486 | Sewer    | Found a white marble altar of Elyvilon.
  3975 | D:4      | Found an opulent altar of Gozag.
  4018 | D:4      | Found a staircase to the Ecumenical Temple.
  4030 | Temple   | Entered the Ecumenical Temple
  4154 | Temple   | Became a worshipper of Ru the Awakened
  4350 | D:4      | Reached XP level 7. HP: 24/52 MP: 9/9
  4830 | D:4      | Found a blossoming altar of Fedhas.
  4847 | D:4      | Noticed a slave
  4848 | D:4      | Noticed Pikel
  4849 | D:4      | Noticed a slave
  4851 | D:4      | Noticed a slave
  4851 | D:4      | Noticed a slave
  4863 | D:4      | Killed Pikel
  4863 | D:4      | Reached skill level 11 in Polearms
  4863 | D:4      | Reached XP level 8. HP: 49/58 MP: 11/11
  5117 | D:4      | Reached skill level 1 in Dodging
  5167 | D:5      | Entered Level 5 of the Dungeon
  5411 | D:5      | Found Giabo's Weapon Boutique.
  5415 | D:5      | Bought a +0 glaive for 65 gold pieces
  5536 | D:5      | Gained mutation: You are somewhat unskilled (-1 Apt). [Ru sacrifice]
  5536 | D:5      | Acquired Ru's first power
  5628 | D:5      | Found a sand-covered staircase.
  5635 | Ossuary  | Entered an ossuary
  5736 | Ossuary  | Noticed DizzySkin's ghost (average DrCj)
  5778 | D:5      | Slain by a mummy

Action                   |  1- 3 |  4- 6 |  7- 9 || total
-------------------------+-------+-------+-------++-------
Melee: Trident           |    77 |    98 |       ||   175
       Halberd           |       |   154 |    67 ||   221
       Glaive            |       |       |    64 ||    64
 Fire: Hunting sling     |     6 |       |       ||     6
Throw: Tomahawk          |       |     7 |    17 ||    24
Invok: Sacrifice Skill   |       |       |     1 ||     1
 Abil: Evoke Flight      |       |     1 |       ||     1
  Use: Scroll            |     4 |     9 |     1 ||    14
       Potion            |     3 |     3 |       ||     6
  Eat: Chunk             |     1 |    10 |     4 ||    15
       Beef jerky        |       |       |     1 ||     1
